 Dungeon Crawl Stone Soup version 0.31-a0-269-g3aca3be (webtiles) character file.

Game seed: 454196676856305504

852 Dawnplanks the Cudgeller (level 7, -2/61 (63) HPs)
             Began as a Minotaur Berserker on July 14, 2023.
             Was a Priest of Trog.
             Slain by an ice beast (10 damage)
             ... on level 7 of the Dungeon.
             The game lasted 00:04:50 (3016 turns).

Dawnplanks the Cudgeller (Minotaur Berserker)       Turns: 3016, Time: 00:04:51

HP:   -2/61 (63)    AC:  4    Str: 30    XL:     7   Next: 69%
MP:   6/6           EV: 13    Int:  6    God:    Trog [***...]
Gold: 188           SH:  3    Dex:  9    Spells: 6/6 levels left

rFire   . . .        v - +4 trident of World's End {flame, rPois Int+2 Stlth+}
rCold   . . .        t - +0 buckler
rNeg    . . .        b - +0 animal skin
rPois   +            (helmet restricted)
rElec   .            s - +0 cloak
rCorr   .            (no gloves)
SInv    .            c - +0 pair of boots
Will    .....        (no amulet)
Stlth   ++           d - +6 ring of strength
HPRegen 0.30/turn    (no ring)
MPRegen 0.10/turn

%: no passive effects
@: on berserk cooldown, slowed, lightly drained, very slow
A: horns 2, retaliatory headbutt
a: Renounce Religion, Berserk, Trog's Hand


You were on level 7 of the Dungeon.
You worshipped Trog.
Trog was most pleased with you.
You visited 1 branch of the dungeon, and saw 7 of its levels.

You collected 202 gold pieces.
You spent 14 gold pieces at shops.

Inventory:

Hand Weapons
 a - a +0 mace
 v - the +4 trident of World's End (weapon) {flame, rPois Int+2 Stlth+}
   (You found it on level 4 of the Dungeon)

   Int:       It affects your intelligence (+2).
   rPois:     It protects you from poison.
   Stlth:     It makes you more stealthy.
Missiles
 p - 4 javelins (quivered)
Armour
 b - a +0 animal skin (worn)
 c - a +0 pair of boots (worn)
 s - a +0 cloak (worn)
 t - a +0 buckler (worn)
Jewellery
 d - a +6 ring of strength (left hand)
Wands
 n - a wand of flame (61)
 w - a wand of iceblast (10)
Scrolls
 f - 2 scrolls of enchant armour {unknown}
 h - a scroll of blinking {unknown}
 i - a scroll of fog {unknown}
 j - a scroll of teleportation {unknown}
 k - 2 scrolls of noise
 l - a scroll of silence {unknown}
 o - a scroll of revelation {unknown}
 r - a scroll of fear {unknown}
 y - a scroll of amnesia {unknown}
Potions
 e - a potion of lignification {unknown}
 g - a potion of berserk rage {unknown}
 m - a potion of might {unknown}
 q - a potion of haste {unknown}
 u - a potion of degeneration {unknown}
 x - a potion of attraction {unknown}


   Skills:
 + Level 6.0 Fighting
 + Level 7.7 Maces & Flails
 + Level 2.7 Armour
 * Level 6.0 Dodging
 + Level 0.2 Shields


You had 6 spell levels left.
You didn't know any spells.
Your spell library was empty.

Dungeon Overview and Level Annotations

Branches:
Dungeon (7/15)
 Temple: D:4-7

Altars:
Dithmenos
Gozag
Trog

Shops:
D:2 ?=[

Portals:
Bailey: D:7


Innate Abilities, Weirdness & Mutations

You have a pair of horns on your head.
You reflexively headbutt those who attack you in melee.


Message History

Aim: a wight, wielding a +1 dire flail and wearing a +0 robe The mass of ice explodes!
The iceblast engulfs the wight!
The wight partially resists.
The wight is heavily damaged.
The iceblast engulfs the ice beast.
The ice beast partially resists.
The ice beast is lightly wounded.
The iceblast engulfs the wight.
The wight partially resists.
The wight is almost destroyed.
The iceblast engulfs the wight.
The wight partially resists.
The wight is moderately damaged.
You hear an angry hiss.
You hit the wight but do no damage. You headbutt the wight!
The wight is severely damaged.
The wight splashes around in the water.
You block the wight's attack.
You hit the wight. You burn the wight.
You destroy the wight!
Trog accepts your kill. You block the wight's attack.
The wight splashes around in the water.
The ice beast closely misses you.
Your Fighting skill increases to level 6!
Your Dodging skill increases to level 6!
You hit the ice beast.
You melt the ice beast.
Your headbutt misses the ice beast.
The ice beast is moderately wounded.
The wight hits you from afar with a +0 halberd!
You feel drained. The ice beast hits you.
* * * LOW HITPOINT WARNING * * *
The ice beast freezes you.
* * * LOW HITPOINT WARNING * * *
The wight hits you from afar with a +0 halberd.
* * * LOW HITPOINT WARNING * * *
The ice beast closely misses you.
You barely miss the ice beast. You headbutt the ice beast.
The ice beast is moderately wounded.
You hear the faint creaking of a portcullis.
You block the wight's attack. The ice beast misses you. The wight misses you.
The ice beast hits you.
* * * LOW HITPOINT WARNING * * *
The ice beast freezes you!
You die...

..........
#..≈≈~≈≈.#####
#..≈...≈.....#
#..~.∩.~....>#
#..≈.z.≈.....#
#..≈≈z≈≈$....#
#.....Y).....##
#@.......
#........
#####........
#.####...........#
#....'...........#
######...........#
#...........#
#...........#
#<..........#


You could see an ice beast and 2 wights.

Vanquished Creatures
  Sigmund (D:3)
  A wyvern (D:7)
  2 scorpions
  2 wights (D:7)
  2 hounds
  An orc priest (D:2)
  A sleepcap (D:4)
  An iguana (D:4)
  An orc wizard (D:4)
  3 gnolls (D:3)
  3 adders
  A worm (D:3)
  3 dart slugs
  7 orcs
  7 ball pythons
  6 bats
  5 endoplasms
  5 giant cockroaches
  11 goblins
  5 hobgoblins
  9 jackals
  8 kobolds
  4 quokkas
  5 frilled lizards (D:1)
  5 rats (D:1)
99 creatures vanquished.

Notes
Turn   | Place    | Note
-------+----------+-------------------------------------------
     0 | D:1      | Dawnplanks the Minotaur Berserker began the quest for the
                  | Orb.
     0 | D:1      | Reached XP level 1. HP: 19/19 MP: 0/0
    90 | D:1      | Reached XP level 2. HP: 27/27 MP: 1/1
    91 | D:1      | Reached skill level 4 in Maces & Flails
   366 | D:1      | Reached ** piety under Trog
   377 | D:1      | Reached XP level 3. HP: 32/33 MP: 2/2
   498 | D:1      | Found a faded altar of an unknown god.
   592 | D:2      | Reached XP level 4. HP: 35/41 MP: 3/3
   671 | D:2      | Found Dalog's Jewellery Emporium.
   756 | D:2      | Reached skill level 5 in Maces & Flails
   806 | D:2      | Found Judowujoci's Armour Emporium.
  1108 | D:2      | Found Otecrieff's Magic Scroll Emporium.
  1121 | D:2      | Reached *** piety under Trog
  1131 | D:2      | Bought a scroll of noise for 14 gold pieces
  1434 | D:3      | Noticed Sigmund
  1441 | D:3      | Killed Sigmund
  1442 | D:3      | Reached skill level 5 in Fighting
  1442 | D:3      | Reached skill level 6 in Maces & Flails
  1442 | D:3      | Reached XP level 5. HP: 48/48 MP: 4/4
  1442 | D:3      | Reached XP level 6. HP: 56/56 MP: 5/5
  2342 | D:4      | Reached skill level 7 in Maces & Flails
  2383 | D:4      | Found an opulent altar of Gozag.
  2443 | D:4      | Found a shadowy altar of Dithmenos.
  2496 | D:4      | Identified the +4 trident of World's End {flame, rPois
                  | Int+2 Stlth+}
  2895 | D:5      | Entered Level 5 of the Dungeon
  2904 | D:5      | Reached XP level 7. HP: 55/61 MP: 6/6
  2954 | D:5      | You fall into a shaft and drop 1 floor!
  2954 | D:6      | Found a bloodstained altar of Trog.
  2984 | D:7      | Found a flagged portal.
  2990 | D:7      | Reached skill level 5 in Dodging
  2991 | D:7      | Noticed a wyvern
  3002 | D:7      | Killed a wyvern
  3016 | D:7      | Slain by an ice beast

Illustrated notes

Levels and vault maps discovered:
D:1:      onia_arrival_mini_maze, layout_rooms,
          shapermc_ecumenical_altar_mp_ritualfount, minmay_small_reverse_x
D:2:      layout_basic, serial_shops, nicolae_shop_window_shopping, shop,
          nicolae_shop_statue_plus, solitary_fountain
D:3:      layout_rooms, minivault_24, uniq_sigmund
D:4:      layout_rooms, mainiacjoe_overflow_24_doors,
          nicolae_gozag_cash_rules_everything_around_me, serial_rivers,
          chequers_serial_rivers_large_b, chequers_serial_rivers_room_a,
          chequers_serial_rivers_small_3, chequers_serial_rivers_micro_a,
          chequers_serial_rivers_micro_a, chequers_serial_rivers_marsh,
          minmay_diced_spiral
D:5:      layout_gridville, grunt_temple_overflow_open,
          hangedman_decor_riveting, nicolae_stop_n_shop_1
D:6:      layout_basic, nicolae_overflow_hidden_temple, lemuel_round_altar,
          gup_sewer_entry_glass, serial_shops, nicolae_shop_behind_doors,
          chequers_arboretum, minmay_misc_feat_x, minivault_1
D:7:      layout_basic, minmay_temple_entry_nine_rooms, enter_bailey_5,
          gammafunk_ghost_wrathful_warriors, skrybe_limestone_x, uniq_duvessa

Skill      XL: |  1  2  3  4  5  6  7 |
---------------+----------------------+-----
Maces & Flails | 4 6 7 |  7.7
Fighting       | 4 5 6 |  6.0
Dodging        | 3 4 6 |  6.0
Armour         | |  2.7
Shields        | |  0.2

Action                     |  1- 3 |  4- 6 |  7- 9 || total
---------------------------+-------+-------+-------++-------
  Melee: Mace              |    65 |    99 |       ||   164
         Headbutt          |     8 |    18 |     2 ||    28
         Trident           |       |     4 |    27 ||    31
 Invoke: Berserk           |     2 |     3 |     1 ||     6
         Trog's Hand       |       |     1 |       ||     1
  Evoke: Wand              |       |       |     1 ||     1
   Stab: Sleeping          |       |     1 |       ||     1
 Armour: Animal skin       |    27 |    20 |     9 ||    56
  Dodge: Dodged            |    44 |    78 |    19 ||   141
  Block: Buckler           |       |     4 |     5 ||     9

Table legend: (Time is in decaauts)
 A = Elapsed time spent in this place.
 B = Non-inter-level travel time spent in this place.
 C = Inter-level travel time spent in this place.
 D = Time resting spent in this place.
 E = Time spent auto-exploring this place.
 F = Levels seen in this place.
 G = Mean time per level.
                   A        B        C        D        E       F      G
               +--------+--------+--------+--------+--------+-----+--------+
         Total |   3118 |   3017 |    101 |    210 |   2272 |   7 |  445.4 |
       Dungeon |   3118 |   3017 |    101 |    210 |   2272 |   7 |  445.4 |
               +--------+--------+--------+--------+--------+-----+--------+

Top non-repeatable levels by time:
     D:4: 980 daAuts
     D:2: 864 daAuts
     D:1: 599 daAuts
     D:3: 547 daAuts
     D:5: 59 daAuts
     D:7: 49 daAuts
     D:6: 16 daAuts
